 Dungeon Crawl Stone Soup version 0.28-a0-1395-g4f6bc678fa (webtiles) character file.

Game seed: 2447486105485349149

2674 fragbeetle the Cudgeller (level 9, -6/85 (88) HPs)
             Began as a Troll Berserker on Jan 4, 2022.
             Was a High Priest of Trog.
             Killed from afar by a white imp (13 damage)
             ... with a puff of frost
             ... on level 8 of the Dungeon.
             The game lasted 00:17:06 (5321 turns).

fragbeetle the Cudgeller (Troll Berserker)          Turns: 5321, Time: 00:17:07

HP:   -6/85 (88)    AC:  1    Str: 27    XL:     9   Next: 37%
MP:   8/8           EV: 11    Int:  2    God:    Trog [*****.]
Gold: 215           SH:  0    Dex: 11    Spells: 8/8 levels left

rFire   . . .      SeeInvis .   D - +6 trident of the Dragonfly {venom, rElec rN++ Int-3}
rCold   . . .      Faith    .   (no shield)
rNeg    + + .      Spirit   .   b - +0 animal skin
rPois   .          Reflect  .   (helmet restricted)
rElec   +          Harm     .   u - +0 cloak
rCorr   .          Rampage  .   (gloves unavailable)
Will    +++..                   (boots unavailable)
Stlth   +.........              (no amulet)
HPRegen 2.04/turn               z - ring of willpower
MPRegen 0.11/turn               y - +4 ring of protection

@: strong-willed, corroded, regenerating, lightly drained
A: large, unfitting armour, claws 3, regeneration 1, shaggy fur 1, tough skin 1
a: Renounce Religion, Berserk, Trog's Hand, Brothers in Arms


You were on level 8 of the Dungeon.
You worshipped Trog.
Trog was extremely pleased with you.
You visited 2 branches of the dungeon, and saw 9 of its levels.

You collected 293 gold pieces.
You spent 78 gold pieces at shops.

Inventory:

Hand Weapons
 o - a +1 flail of draining
 C - a +6 spear
 D - the +6 trident of the Dragonfly (weapon) {venom, rElec rN++ Int-3}
   (You found it on level 5 of the Dungeon)

   It poisons the flesh of those it strikes.
   Int:       It affects your intelligence (-3).
   rElec:     It insulates you from electricity.
   rN:        It greatly protects you from negative energy.
 J - a +0 giant club
Missiles
 f - 161 stones (quivered)
 q - 35 poisoned darts
Armour
 b - a +0 animal skin (worn)
 u - a +0 cloak (worn)
Jewellery
 y - a +4 ring of protection (right claw)
 z - a ring of willpower (left claw)
Wands
 F - a wand of charming (11)
 G - a wand of paralysis (4)
Scrolls
 a - a scroll of summoning {unknown}
 c - 3 scrolls of identify {unknown}
 e - a scroll of immolation {unknown}
 h - a scroll of vulnerability {unknown}
 i - 2 scrolls of blinking {unknown}
 l - a scroll of enchant weapon {unknown}
 p - a scroll of enchant armour {unknown}
 r - 3 scrolls of amnesia {unknown}
 t - 8 scrolls of teleportation
 v - 3 scrolls of holy word {unknown}
 H - a scroll of fog {unknown}
 L - a scroll of magic mapping
Potions
 d - 2 potions of curing {unknown}
 g - a potion of cancellation {unknown}
 j - 3 potions of mutation {unknown}
 k - a potion of lignification {unknown}
 m - 3 potions of ambrosia {unknown}
 n - a potion of heal wounds {unknown}
 s - a potion of flight {unknown}
 w - 2 potions of degeneration {unknown}
 A - a potion of magic {unknown}
 B - a potion of haste {unknown}
 K - a potion of invisibility


   Skills:
 + Level 5.3 Fighting
 + Level 6.9 Maces & Flails
 + Level 3.5 Polearms
 + Level 5.0 Throwing
 + Level 5.3 Dodging
 + Level 0.0 Evocations


You had 8 spell levels left.
You didn't know any spells.
Your spell library was empty.

Dungeon Overview and Level Annotations

Branches:
Dungeon (8/15)             Temple (1/1) D:7
   Lair: D:8-11

Altars:
Ashenzari
Elyvilon
Fedhas
Hepliaklqana
Kikubaaqudgha
Makhleb
Okawaru
Qazlal
Ru
Sif Muna
Trog
Uskayaw
Wu Jian
Zin
The Shining One

Shops:
D:1 (   D:7 ?

Annotations:
D:8 Maggie


Innate Abilities, Weirdness & Mutations

You are too large for most types of armour.
You have claws for hands.
Your natural rate of healing is unusually fast.
You are covered in fur. (AC +1)
You have tough skin. (AC +1)


Message History

You throw a poisoned dart.
Maggie casts a spell.
Maggie attempts to bespell you! You resist with some effort.
Throw: 36 darts (poison)
Press: ? - help, Shift-Dir - straight line, f - Maggie
Aim: Maggie, wielding a +2 war axe of draining, wearing +0 steam dragon scales and carrying a wand of acid (11) (60% to hit)
You throw a poisoned dart. The poisoned dart hits Maggie!
Maggie is poisoned.
Maggie zaps a wand.
The bolt of acid hits you!! The acid corrodes you!
You barely miss Maggie.
Maggie is lightly wounded.
Maggie hits you with a +2 war axe of draining!
You partially resist.
You feel drained.
You hit Maggie.
Maggie looks as sick as possible!
Maggie is lightly wounded.
Maggie gestures at you while chanting. The bolt of fire hits you!
You hear a shout!
You closely miss Maggie.
Maggie is moderately wounded.
You hear a shout!
Maggie hits you with a +2 war axe of draining!
You partially resist.
You feel drained.
A white imp comes into view.
Maggie zaps a wand.
The bolt of acid hits you!!
* * * LOW HITPOINT WARNING * * *
The acid corrodes you!
You hit Maggie but do no damage.
Maggie is moderately wounded.
Maggie mumbles some strange words.
Maggie attempts to bespell you!
You easily resist.
A white imp comes into view.
Your skin crawls.
You feel strong-willed. The white imp gestures at you.
The puff of frost hits you!
* * * LOW HITPOINT WARNING * * *
Maggie barely misses you. The white imp gestures at you.
The puff of frost hits you!
You die...

####.## #.....#
#.....####
###........
.......5.
...##..(.5#####
#....<@(.....# #..#
.## #. #@.# ...# #.#
#.^##..... ###.##
#......... ....#
##.##..... #>.# #.#
.... #..####.####.#.
#######............#
..........>##.######
#####<..###.#


You could see Maggie (very poisoned) and 2 white imps.

Vanquished Creatures
  A troll (D:6)
  A water moccasin (D:7)
  2 sky beasts
  2 black bears
  A hornet zombie (D:7)
  3 ogres (D:6)
  An orc warrior (D:5)
  2 necrophages
  A centaur (D:4)
  A phantom (D:4)
  A kobold brigand (D:7)
  3 bullfrogs
  2 scorpions
  2 howler monkeys
  A hound (D:5)
  2 jellies
  A centaur zombie (D:7)
  2 orc priests (D:6)
  2 bullfrog skeletons
  3 orc wizards
  Terence (D:3)
  4 iguanas
  Robin (D:3)
  7 gnolls
  A howler monkey skeleton (D:7)
  8 adders
  3 shadow imps
  5 white imps
  2 worms
  6 dart slugs
  20 orcs
  7 bats
  3 endoplasms
  8 giant cockroaches
  14 goblins
  7 hobgoblins
  11 jackals
  5 kobolds
  4 quokkas
  9 ball pythons
  3 frilled lizards
  5 rats
168 creatures vanquished.

Vanquished Creatures (others)
  A human (D:5)
  Jessica (D:3)
  4 toadstools (D:1)
6 creatures vanquished.

Grand Total: 174 creatures vanquished

Notes
Turn   | Place    | Note
-------+----------+-------------------------------------------
     0 | D:1      | fragbeetle the Troll Berserker began the quest for the Orb.
     0 | D:1      | Reached XP level 1. HP: 22/22 MP: 0/0
   131 | D:1      | Found a faded altar of an unknown god.
   164 | D:1      | Found Biwoepn's Weapon Emporium.
   219 | D:1      | Reached skill level 3 in Maces & Flails
   219 | D:1      | Reached XP level 2. HP: 29/29 MP: 1/1
   473 | D:1      | Reached XP level 3. HP: 35/36 MP: 2/2
   917 | D:2      | Reached ** piety under Trog
  1202 | D:2      | Reached XP level 4. HP: 43/43 MP: 3/3
  1379 | D:3      | Noticed Jessica
  1393 | D:3      | Killed Jessica
  1507 | D:3      | Reached skill level 1 in Throwing
  1611 | D:3      | Reached *** piety under Trog
  1676 | D:3      | Noticed Terence
  1685 | D:3      | Killed Terence
  1686 | D:3      | Reached skill level 4 in Maces & Flails
  1686 | D:3      | Reached XP level 5. HP: 51/53 MP: 4/4
  1741 | D:3      | Noticed Robin
  1768 | D:3      | Killed Robin
  2255 | D:4      | Noticed a phantom
  2392 | D:4      | Killed a phantom
  2393 | D:4      | Reached XP level 6. HP: 61/61 MP: 5/5
  2516 | D:4      | Reached **** piety under Trog
  2537 | D:4      | Reached skill level 5 in Maces & Flails
  2537 | D:4      | Reached XP level 7. HP: 47/68 MP: 6/6
  2832 | D:5      | Entered Level 5 of the Dungeon
  2926 | D:5      | Identified the +6 trident of the Dragonfly {venom, rElec
                  | rN++ Int-3}
  3001 | D:5      | Found an ancient bone altar of Kikubaaqudgha.
  3002 | D:5      | Noticed a human
  3004 | D:5      | Killed a human
  3123 | D:5      | Found a broken altar of Ashenzari.
  3272 | D:5      | Found a bloodstained altar of Trog.
  3297 | D:5      | Found a shimmering blue altar of Sif Muna.
  3541 | D:6      | Reached skill level 1 in Polearms
  3566 | D:6      | Reached XP level 8. HP: 77/78 MP: 7/7
  3703 | D:6      | Reached skill level 6 in Maces & Flails
  3900 | D:6      | Noticed a troll
  3918 | D:6      | Killed a troll
  4102 | D:6      | Reached skill level 5 in Fighting
  4102 | D:6      | Reached skill level 5 in Dodging
  4102 | D:6      | Reached XP level 9. HP: 88/88 MP: 8/8
  4296 | D:7      | Reached ***** piety under Trog
  4301 | D:7      | Found Nymeghikh's Magic Scroll Boutique.
  4316 | D:7      | Found a staircase to the Ecumenical Temple.
  4317 | D:7      | Bought a scroll of magic mapping for 42 gold pieces
  4317 | D:7      | Bought a scroll of teleportation for 36 gold pieces
  4345 | Temple   | Entered the Ecumenical Temple
  5126 | D:7      | Reached skill level 5 in Throwing
  5215 | D:7      | Found a glowing silver altar of Zin.
  5309 | D:8      | Noticed Maggie
  5321 | D:8      | Killed from afar by a white imp

Illustrated notes

Levels and vault maps discovered:
D:1:      ldierk_water_garden, layout_basic, serial_shops, shop,
          shapermc_ecumenical_altar_mp_vishouse, minmay_tromino_v4_c
D:2:      minmay_spotlight, layout_basic
D:3:      layout_basic, st_stairs_6, minmay_close_crescents, uniq_terence,
          uniq_robin, uniq_jessica
D:4:      layout_layer_cave, hangedman_abyss_or_decor_passed
D:5:      layout_loops_ring, old_standard_altar,
          nzn_overflow_gifts_of_might_and_magic, tgw_kikubaaqudgha
D:6:      minmay_skewed_foursquare, layout_basic, grunt_decor_one_mirror
D:7:      layout_basic, zin_treasury, minmay_temple_entry_overgrown,
          serial_shops, nicolae_diamond_shop, moated_statue
D:8:      layout_loops_ring, amethyst_overflow_temple_binary,
          lemuel_zombie_altar_yredelemnul, serial_bayou_lagoon_a, uniq_maggie
Temple:   dpeg_chambers_temple

Skill      XL: |  1  2  3  4  5  6  7  8  9 |
---------------+----------------------------+-----
Maces & Flails | 3 4 5 6 |  6.9
Throwing       | 1 2 3 4 5 |  5.0
Fighting       | 3 4 5 |  5.3
Dodging        | 3 4 5 |  5.3
Polearms       | 1 2 3 |  3.5

Action                   |  1- 3 |  4- 6 |  7- 9 || total
-------------------------+-------+-------+-------++-------
Melee: Mace              |    97 |       |       ||    97
       Flail             |    10 |   167 |   146 ||   323
       Trident           |       |       |    55 ||    55
Throw: Dart              |       |     6 |    15 ||    21
       Boomerang         |       |     9 |    29 ||    38
       Stone             |       |       |    10 ||    10
Invok: Berserk           |       |     1 |     1 ||     2
       Trog's Hand       |       |       |     1 ||     1
 Stab: Sleeping          |     1 |       |       ||     1
Armor: Animal skin       |    44 |    66 |    66 ||   176
Dodge: Dodged            |    68 |    87 |    86 ||   241

Table legend: (Time is in decaauts)
 A = Elapsed time spent in this place.
 B = Non-inter-level travel time spent in this place.
 C = Inter-level travel time spent in this place.
 D = Time resting spent in this place.
 E = Time spent auto-exploring this place.
 F = Levels seen in this place.
 G = Mean time per level.
                   A        B        C        D        E       F      G
               +--------+--------+--------+--------+--------+-----+--------+
         Total |   5418 |   5235 |    183 |    116 |   3277 |   9 |  602.0 |
       Dungeon |   5207 |   5024 |    183 |    116 |   3089 |   8 |  650.9 |
        Temple |    211 |    211 |      0 |      0 |    188 |   1 |  211.0 |
               +--------+--------+--------+--------+--------+-----+--------+

Top non-repeatable levels by time:
     D:3: 1026 daAuts
     D:1: 852 daAuts
     D:7: 827 daAuts
     D:6: 779 daAuts
     D:5: 673 daAuts
     D:4: 562 daAuts
     D:2: 460 daAuts
  Temple: 211 daAuts
     D:8: 22 daAuts
